 Dungeon Crawl Stone Soup version 0.29-a0-994-gc5c9f59d18 (webtiles) character file.

Game seed: 13565060031709587369

797 Newt the Skirmisher (level 8, -1/72 HPs)
             Began as a Kobold Hunter on Aug 3, 2022.
             Slain by an ice beast (9 damage)
             ... on level 5 of the Dungeon.
             The game lasted 00:08:25 (4626 turns).

Newt the Skirmisher (Kobold Hunter)                 Turns: 4626, Time: 00:08:25

Health: -1/72      AC: 24    Str:  7 (10) XL:     8   Next: 13%
Magic:  8/8        EV:  3    Int:  7 (10) God:
Gold:   155        SH:  0    Dex: 16 (19) Spells: 7/7 levels left

rFire   + . .      SeeInvis .   a - +0 shortbow (flame)
rCold   x . .      Faith    .   (shield currently unavailable)
rNeg    . . .      Spirit   .   (body armour currently unavailable)
rPois   +          Reflect  .   (helmet currently unavailable)
rElec   .          Harm     .   (cloak currently unavailable)
rCorr   +          Rampage  .   (gloves currently unavailable)
Will    .....      NoTele   +   (boots currently unavailable)
Stlth   +++.......              f - amulet of the acrobat
HPRegen 0.22/turn               k - ring of fire
MPRegen 0.11/turn               i - ring of resist corrosion

@: tree-form
A: stationary, stasis, torment immunity, boosted hp, small, no large weapons,
nightstalker 3
a: no special abilities


You were on level 5 of the Dungeon.
You were a tree.
You visited 1 branch of the dungeon, and saw 5 of its levels.

You collected 155 gold pieces.

Inventory:

Hand Weapons
 a - a +0 shortbow of flaming (weapon)
 h - the +5 hand axe "Qamir" {venom, rPois}
   (You found it on level 2 of the Dungeon)

   It poisons the flesh of those it strikes.
   rPois:     It protects you from poison.
Armour
 c - a +0 leather armour
 e - a +1 scale mail of fire resistance
 j - a +1 ring mail of cold resistance (melded)
 m - a +2 helmet (melded)
Jewellery
 f - an amulet of the acrobat (around neck)
 i - a ring of resist corrosion (right branch)
 k - a ring of fire (left branch)
Scrolls
 b - 2 scrolls of immolation
Potions
 d - a potion of flight
 g - 2 potions of brilliance


   Skills:
 + Level 4.6 Fighting
 + Level 10.2 Ranged Weapons
 + Level 2.4 Armour
 + Level 2.9 Dodging
 + Level 1.8 Stealth


You had 7 spell levels left.
You didn't know any spells.
Your spell library was empty.

Dungeon Overview and Level Annotations

Branches:
Dungeon (5/15)
 Temple: D:4-7

Altars:
Qazlal
Sif Muna
Zin

Annotations:
D:4 Edmund


Innate Abilities, Weirdness & Mutations

You are a tree.
Your roots penetrate the ground, keeping you stationary.
You cannot be teleported.
You are immune to unholy pain and torment.
Your maximum health is greatly increased.
Your equipment is partially melded.
You are small and have problems with some larger weapons.
You are completely attuned to the shadows.


Message History

Aim: an ice beast (lightly wounded, 68% to hit)
You shoot an arrow. The arrow closely misses the ice beast.
The phantom hits you but does no damage.
The ice beast hits you but does no damage.
It was a potion of degeneration.
There was something very wrong with that liquid.
You feel weakened.
You feel dopey.
You feel clumsy. The ice beast barely misses you. The phantom hits you.
* * * LOW HITPOINT WARNING * * *
Fire: a) +0 shortbow (flame)
Press: ? - help, Q - select action Shift-Dir - straight line, f/p - ice beast
Aim: an ice beast (lightly wounded, 67% to hit)
You shoot an arrow. The arrow barely misses the ice beast.
The phantom hits you but does no damage.
The ice beast hits you but does no damage.
Fire: a) +0 shortbow (flame)
Press: ? - help, Q - select action Shift-Dir - straight line, f/p - ice beast
Aim: an ice beast (lightly wounded, 67% to hit)
You shoot an arrow. The arrow hits the ice beast.
The arrow melts the ice beast.
The ice beast is heavily wounded.
The ice beast hits you but does no damage.
The phantom hits you but does no damage.
Okay, then.
Fire: a) +0 shortbow (flame)
Press: ? - help, Q - select action Shift-Dir - straight line, f/p - ice beast
Aim: an ice beast (heavily wounded, 67% to hit)
You shoot an arrow. The arrow barely misses the ice beast.
The phantom hits you but does no damage.
The ice beast hits you but does no damage.
Fire: a) +0 shortbow (flame)
Press: ? - help, Q - select action Shift-Dir - straight line, f/p - ice beast
Aim: an ice beast (heavily wounded, 67% to hit)
You shoot an arrow.
The arrow hits the ice beast but does no damage.
The ice beast is heavily wounded.
The ice beast hits you.
* * * LOW HITPOINT WARNING * * *
The ice beast freezes you!
You feel a terrible chill!
You die...

###.≈≈.§§§§
##§#.≈§§_.≈§
##)##.§≈§§.≈≈
##.)##.≈.≈§≈.≈
##..###.≈§.§§.≈
##....##.§≈≈≈≈≈.
##.....#.########
.<###Y.#.#.......
....♣W.......####
....#.).###...#
..###.#.# #.#.# #
.....# #....
.#.... ...


You could see an ice beast and a phantom.

Vanquished Creatures
  A water moccasin (D:5)
  An ogre (D:5)
  2 phantoms (D:4)
  Blork the orc (D:4)
  A scorpion (D:3)
  A jelly (D:5)
  A hound (D:5)
  2 iguanas (D:5)
  Terence (D:2)
  An orc wizard (D:5)
  3 gnolls
  6 adders
  2 river rats (D:3)
  3 worms
  2 dart slugs
  3 orcs (D:5)
  10 ball pythons
  6 endoplasms
  A giant cockroach (D:3)
  4 goblins
  8 hobgoblins
  2 jackals (D:1)
  2 kobolds
  2 quokkas
  5 bats
  6 frilled lizards
  7 rats
84 creatures vanquished.

Vanquished Creatures (collateral kills)
  A ball python (D:2)
1 creature vanquished.

Grand Total: 85 creatures vanquished

Notes
Turn   | Place    | Note
-------+----------+-------------------------------------------
     0 | D:1      | Newt the Kobold Hunter began the quest for the Orb.
     0 | D:1      | Reached XP level 1. HP: 12/12 MP: 1/1
   182 | D:1      | Reached XP level 2. HP: 17/17 MP: 2/2
   232 | D:1      | Found a faded altar of an unknown god.
   376 | D:1      | Reached skill level 6 in Ranged Weapons
  1008 | D:1      | Reached XP level 3. HP: 21/21 MP: 3/3
  1576 | D:2      | Reached skill level 1 in Armour
  1755 | D:2      | Noticed Terence
  1788 | D:2      | Killed Terence
  1789 | D:2      | Reached XP level 4. HP: 7/28 MP: 4/4
  2367 | D:2      | Reached XP level 5. HP: 23/32 MP: 5/5
  2497 | D:2      | Found the +3 woodcutter's axe {vorpal}
  2503 | D:2      | Identified the +5 hand axe "Qamir" {venom, rPois}
  2687 | D:3      | Found a shimmering blue altar of Sif Muna.
  2727 | D:3      | Reached skill level 7 in Ranged Weapons
  3254 | D:3      | Reached XP level 6. HP: 37/37 MP: 6/6
  3303 | D:3      | Found a stormy altar of Qazlal.
  3625 | D:4      | Reached skill level 8 in Ranged Weapons
  3645 | D:4      | Noticed Blork the orc
  3651 | D:4      | Killed Blork the orc
  3652 | D:4      | Reached XP level 7. HP: 38/42 MP: 7/7
  3871 | D:4      | You fall into a shaft and drop 1 floor!
  3871 | D:5      | Entered Level 5 of the Dungeon
  3910 | D:5      | Reached skill level 9 in Ranged Weapons
  4221 | D:4      | Noticed Edmund
  4277 | D:5      | Noticed a water moccasin
  4281 | D:5      | Killed a water moccasin
  4484 | D:5      | Found a glowing silver altar of Zin.
  4573 | D:5      | Reached XP level 8. HP: 34/48 MP: 8/8
  4577 | D:5      | Reached skill level 10 in Ranged Weapons
  4617 | D:5      | HP: 1/48 [ice beast (11)]
  4626 | D:5      | Slain by an ice beast

Illustrated notes

Levels and vault maps discovered:
D:1:      tarquinn_simple_flora_water_a, layout_basic, serial_co_window_serial,
          co_window_paths_b, co_window_paths_b, co_window_of_opportunity_a,
          co_window_of_opportunity_a, co_window_paths_a, co_window_corner_a,
          co_window_paths_a, co_window_broadway_b, co_window_unsneaky_path_a,
          co_window_paths_c, glass_columns_c, shapermc_ecumenical_altar_venn,
          minmay_domino_2
D:2:      layout_basic, minmay_misc_feat_alley, minmay_misc_feat_hallway,
          pf_guarded_unrand_woodcutter, uniq_terence
D:3:      layout_basic, nicolae_qazlal_eye_of_the_storm,
          nicolae_overflow_crystal_walls, portal_sewer_entry_b
D:4:      layout_loops_ring, hangedman_decor_opposing, grunt_ministairs_15,
          reono_crystal_passage, amethyst_killhole, minmay_strange_pillars,
          uniq_edmund, uniq_blork_the_orc
D:5:      layout_layer_cave, mainiacjoe_overflow_paths,
          nicolae_hepliaklqana_hippocampus, minmay_fractal_squares_5

Skill      XL: |  1  2  3  4  5  6  7  8 |
---------------+-------------------------+-----
Ranged Weapons | 6 7 8 9 10 | 10.2
Armour         | 1 2 |  2.4
Fighting       | 3 4 |  4.6
Dodging        | |  2.9
Stealth        | |  1.8

Action                   |  1- 3 |  4- 6 |  7- 9 || total
-------------------------+-------+-------+-------++-------
Melee: Shortbow          |       |       |     1 ||     1
 Fire: Shortbow          |    93 |    89 |    86 ||   268
  Use: Scroll            |     5 |     3 |     2 ||    10
       Potion            |     1 |       |     5 ||     6
Armor: Leather armour    |     5 |       |       ||     5
       Ring mail         |    12 |    17 |    23 ||    52
       Skin              |       |       |    10 ||    10
Dodge: Dodged            |    36 |    43 |    52 ||   131

Table legend: (Time is in decaauts)
 A = Elapsed time spent in this place.
 B = Non-inter-level travel time spent in this place.
 C = Inter-level travel time spent in this place.
 D = Time resting spent in this place.
 E = Time spent auto-exploring this place.
 F = Levels seen in this place.
 G = Mean time per level.
                   A        B        C        D        E       F      G
               +--------+--------+--------+--------+--------+-----+--------+
         Total |   4675 |   4528 |    147 |    516 |   3379 |   5 |  935.0 |
       Dungeon |   4675 |   4528 |    147 |    516 |   3379 |   5 |  935.0 |
               +--------+--------+--------+--------+--------+-----+--------+

Top non-repeatable levels by time:
     D:1: 1602 daAuts
     D:3: 1128 daAuts
     D:2: 837 daAuts
     D:4: 677 daAuts
     D:5: 429 daAuts
